 Seeded DCSS version 0.30-a0-354-g6b83867211 (webtiles) character file.

Game seed: 20221107 (custom seed)

195 flotson the Sneak (level 5, 0/42 HPs)
             Began as a Demonspawn Delver on Nov 7, 2022.
             Slain by a bullfrog (5 damage)
             ... in a sewer.
             The game lasted 00:03:08 (904 turns).

flotson the Sneak (Demonspawn Delver)                Turns: 904, Time: 00:03:09

Health: 0/42       AC:  9    Str: 14    XL:     5   Next: 45%
Magic:  5/5        EV:  5    Int: 12    God:
Gold:   36         SH:  8    Dex: 14    Spells: 4/4 levels left

rFire   . . .      SeeInvis .    b - +2 dagger (venom)
rCold   . . .      Faith    .    k - +0 kite shield
rNeg    . . .      Spirit   .    l - +0 chain mail
rPois   .          Reflect  .    (no helmet)
rElec   .          Harm     .    (no cloak)
rCorr   .          Rampage  .    (no gloves)
Will    .....                    (no boots)
Stlth   ..........               (no amulet)
HPRegen 0.27/turn                (no ring)
MPRegen 0.09/turn                (no ring)

@: lethally poisoned (0 -> -5), invisible, very slow
A: hooves 1, foul stench 1, sharp scales 1
a: no special abilities


You were in a sewer.
You visited 1 branch of the dungeon, and saw 3 of its levels.
You also visited: Sewer.

You collected 36 gold pieces.

Inventory:

Hand Weapons
 a - a +0 hand axe
 b - a +2 dagger of venom (weapon)
Armour
 k - a +0 kite shield (worn)
 l - a +0 chain mail (worn)
Jewellery
 j - a ring of ice
Wands
 g - a wand of digging (3)
 n - a wand of iceblast (9)
Scrolls
 c - a scroll of fog
 d - a scroll of silence {unknown}
 h - a scroll of identify
 m - a scroll of enchant armour {unknown}
 o - a scroll of poison {unknown}
 p - a scroll of vulnerability {unknown}
Potions
 e - a potion of invisibility
 f - a potion of haste
 i - a potion of brilliance {unknown}


   Skills:
 + Level 3.8 Fighting
 - Level 1.7 Axes
 + Level 1.9 Armour
 + Level 2.8 Dodging
 - Level 4.5 Stealth
 + Level 1.8 Shields
 + Level 2.2 Evocations


You had 4 spell levels left.
You didn't know any spells.
Your spell library was empty.

Dungeon Overview and Level Annotations

Branches:
Dungeon (5/15)              Sewer (1/1)
 Temple: D:4-7

Altars:


Innate Abilities, Weirdness & Mutations

You have large cloven feet.
You may rarely emit foul miasma when damaged in melee.
You are partially covered in razor-sharp scales. (AC +1, Slay +1)


Message History

Unknown command.
As you read the scroll labelled URGHUD QU PUORY, it crumbles to dust.
It is a scroll of identify.
e - 2 potions of invisibility You feel sick.
The adder bites you.
You are more poisoned.
The adder poisons you!
The adder bites you but does no damage. x2
The ball python bites you. The ball python constricts you.
You block the adder's attack.
You fade into invisibility!
You feel sick. The adder bites you.
* * * LOW HITPOINT WARNING * * *
The adder bites you but does no damage. You block the adder's attack.
The ball python bites you.
* * * LOW HITPOINT WARNING * * *
The ball python constricts you. You block the adder's attack.
You escape the ball python's grasp.
You enter the shallow water.
Moving in this stuff is going to be slow. ...and don't expect to remain undetected.
You feel sick. You block the adder's attack.
The adder attacks as you move away! The adder bites you but does no damage.
You feel sick. The adder bites you but does no damage.
You block the adder's attack. x2; The adder bites you but does no damage.
The adder completely misses you. The adder bites you but does no damage.
The adder attacks as you move away! You block the adder's attack.
The adder attacks as you move away! The adder barely misses you.
You feel sick. The ball python barely misses you.
You block the ball python's attack. The adder barely misses you.
You feel sick.
You are no longer poisoned.
The adder bites you but does no damage. x2; The adder barely misses you.
You block the bullfrog's attack. You block the adder's attack.
The adder bites you but does no damage. The adder attacks as you move away!
The adder bites you but does no damage. The bullfrog barely misses you.
You block the adder's attack. The adder bites you.
* * * LOW HITPOINT WARNING * * *
You are lethally poisoned!
The adder poisons you! The bullfrog hits you.
You die...

#####################
###.#~≈≈≈≈~≈≈≈≈≈≈≈~~..S
##...~~≈≈~≈#~.J~#≈~≈≈~F.
#.....~~FS~~≈≈≈≈~~~~~...
#....~~~@SS≈≈≈≈~~~~~≈~..
##.....~≈≈S≈≈≈≈≈≈~~~~~...
#......≈≈≈≈≈≈≈≈≈≈≈≈≈≈≈#..
#....################## #
##...#### #.†††#..#
#....'..# #...#####
##...##


You could see a bullfrog, 3 adders, an endoplasm and a ball python.

Vanquished Creatures
  A bullfrog (Sewer)
  6 adders
  5 river rats (Sewer)
  An orc (D:5)
  2 endoplasms (Sewer)
  2 goblins
  A quokka (D:4)
  8 ball pythons
  A frilled lizard (Sewer)
  19 rats (Sewer)
46 creatures vanquished.

Notes
Turn   | Place    | Note
-------+----------+-------------------------------------------
     0 | D:5      | flotson the Demonspawn Delver began the quest for the Orb.
     0 | D:5      | Reached XP level 1. HP: 18/18 MP: 1/1
    21 | D:5      | Noticed an orc wizard
   203 | D:4      | Gained mutation: You may rarely emit foul miasma when
                  | damaged in melee. [demonic ancestry]
   203 | D:4      | Reached XP level 2. HP: 19/24 MP: 2/2
   293 | D:3      | Reached skill level 1 in Evocations
   297 | D:3      | Found a glowing drain.
   304 | Sewer    | Entered a sewer
   308 | Sewer    | HP: 1/24 [poisoned by an adder]
   435 | Sewer    | Reached skill level 1 in Armour
   435 | Sewer    | Gained mutation: You have large cloven feet. [demonic
                  | ancestry]
   435 | Sewer    | Reached XP level 3. HP: 23/29 MP: 3/3
   519 | Sewer    | Reached skill level 1 in Shields
   608 | Sewer    | Reached XP level 4. HP: 27/35 MP: 4/4
   887 | Sewer    | Noticed a bullfrog
   887 | Sewer    | Noticed a bullfrog
   897 | Sewer    | Killed a bullfrog
   898 | Sewer    | Gained mutation: You are partially covered in razor-sharp
                  | scales. (AC +1, Slay +1) [demonic ancestry]
   898 | Sewer    | Reached XP level 5. HP: 21/42 MP: 5/5
   904 | Sewer    | Slain by a bullfrog

Illustrated notes

Levels and vault maps discovered:
D:3:      layout_loops_cross, lightli_sewer_entry_pipes, gammafunk_ghost_split,
          bh_walls_and_bars, uniq_jessica
D:4:      layout_loops_cross, minmay_statues_item, uniq_crazy_yiuf_cottage,
          uniq_sigmund
D:5:      layout_gridville, mainiacjoe_overflow_concentric_impassable,
          serial_shops, shop_fountains
Sewer:    sewer_minmay_w

Skill      XL: |  1  2  3  4 |
---------------+-------------+-----
Dodging        | 2 |  2.8
Evocations     | 1 2 |  2.2
Armour         | 1 |  1.9
Shields        | 1 |  1.8
Fighting       | |  3.8
Axes           | |  1.7
Stealth        | |  4.5

Action                   |  1- 3 |  4- 6 || total
-------------------------+-------+-------++-------
Melee: Hand axe          |    22 |       ||    22
       Dagger            |    42 |    68 ||   110
       Kick              |     7 |    15 ||    22
  Use: Scroll            |     2 |     1 ||     3
       Potion            |       |     1 ||     1
 Stab: Sleeping          |     2 |       ||     2
Armor: Chain mail        |    59 |    74 ||   133
       Leather armour    |     1 |       ||     1
Dodge: Dodged            |    15 |    24 ||    39
Block: Kite shield       |    28 |    58 ||    86

Table legend: (Time is in decaauts)
 A = Elapsed time spent in this place.
 B = Non-inter-level travel time spent in this place.
 C = Inter-level travel time spent in this place.
 D = Time resting spent in this place.
 E = Time spent auto-exploring this place.
 F = Levels seen in this place.
 G = Mean time per level.
                   A        B        C        D        E       F      G
               +--------+--------+--------+--------+--------+-----+--------+
         Total |    977 |    969 |      8 |     97 |    473 |   4 |  244.2 |
       Dungeon |    320 |    312 |      8 |      0 |    127 |   3 |  106.7 |
         Sewer |    656 |    656 |      0 |     97 |    346 |   1 |  656.0 |
               +--------+--------+--------+--------+--------+-----+--------+

Top non-repeatable levels by time:
   Sewer: 656 daAuts
     D:4: 161 daAuts
     D:5: 97 daAuts
     D:3: 61 daAuts
